 Dungeon Crawl Stone Soup version 0.31-a0-702-gf82c85558f (webtiles) character file.

Game seed: 15565441041061511822

3612 qw the Skirmisher (level 10, -3/64 HPs)
             Began as a Gargoyle Hunter on Sept 7, 2023.
             Was a Follower of Okawaru.
             Slain by a death yak (18 damage)
             ... on level 8 of the Dungeon.
             The game lasted 00:02:45 (6168 turns).

qw the Skirmisher (Gargoyle Hunter)                 Turns: 6168, Time: 00:02:46

Health: -3/64      AC: 12    Str: 15    XL:     10   Next: 11%
Magic:  11/13      EV: 21    Int: 10    God:    Okawaru [*.....]
Gold:   138        SH:  0    Dex: 17    Spells: 9/9 levels left

rFire   . . .        Y - +0 orcbow (chaos)
rCold   . . .        (shield currently unavailable)
rNeg    + . .        c - +0 robe {Will+}
rPois   inf          (no helmet)
rElec   +            k - +0 cloak
rCorr   .            (no gloves)
SInv    .            d - +0 pair of boots
Will    +....        (no amulet)
Stlth   +++          g - +5 ring of evasion
HPRegen 0.30/turn    (no ring)
MPRegen 0.13/turn

%: no passive effects
@: heroic
A: sickness immunity, AC +7, negative energy resistance 1, electricity
resistance, torment resistance 1, petrification resistance
a: Renounce Religion, Heroism


You were on level 8 of the Dungeon.
You worshipped Okawaru.
Okawaru was aware of your devotion.
You visited 2 branches of the dungeon, and saw 9 of its levels.

You collected 373 gold pieces.
You spent 235 gold pieces at shops.


Innate Abilities, Weirdness & Mutations

You are immune to sickness and miasma.
Your stone body is resilient. (AC +7)
You are immune to poison.
You resist negative energy. (rN+)
You are resistant to electric shocks. (rElec)
You are resistant to unholy torment.
You are immune to petrification.


   Skills:
 - Level 8.2(13.2) Fighting
 + Level 11.4(16.4) Ranged Weapons
 - Level 3.0(8.0) Armour
 - Level 3.1(8.1) Dodging
 - Level 1.1(6.1) Stealth
 - Level 4.0 Invocations


You had 9 spell levels left.
You didn't know any spells.
Your spell library was empty.

Inventory:

Hand Weapons
 Y - a +0 orcbow of chaos (weapon)
Armour
 c - a +0 robe of willpower (worn)
 d - a +0 pair of boots (worn)
 k - a +0 cloak (worn)
 l - a +0 ring mail
Jewellery
 g - a +5 ring of evasion (left hand)
 j - a ring of fire
Wands
 h - a wand of digging (6)
Scrolls
 a - 3 scrolls of identify
 m - a scroll of blinking {unknown}
Potions
 e - 2 potions of enlightenment
 f - a potion of haste
 i - a potion of mutation

Dungeon Overview and Level Annotations

Branches:
Dungeon (8/15)             Temple (1/1) D:6
   Lair: D:8-11

Altars:
Ashenzari
Cheibriados
Elyvilon
Fedhas
Gozag
Hepliaklqana
Kikubaaqudgha
Makhleb
Okawaru
Qazlal
Ru
Sif Muna
Trog
Vehumet
Wu Jian
Xom
The Shining One

Shops:
D:5 =(*(=


Message History

You shoot an arrow. The arrow hits the death yak.
You feel better.
The death yak is moderately wounded.
The death yak gores you!
6159 ||| DRINKING potion of heal wounds.
You feel much better. The death yak barely misses you.
You shoot an arrow. The arrow hits the death yak!
The death yak is poisoned.
The death yak is moderately wounded.
The death yak gores you but does no damage.
You shoot an arrow.
The arrow hits the death yak but does no damage.
The death yak is moderately wounded.
You shoot an arrow. The arrow hits the death yak!
The death yak looks as sick as possible!
The death yak is heavily wounded.
The death yak closely misses you.
You shoot an arrow. The arrow hits the death yak.
The death yak seems to speed up.
The death yak is severely wounded.
The death yak gores you!
You shoot an arrow. The arrow hits the death yak.
The arrow freezes the death yak.
The death yak is severely wounded.
You feel like a meek peon again. The death yak misses you.
6165 ||| INVOKING Heroism.
You gain the combat prowess of a mighty hero.
The death yak gores you. The death yak completely misses you.
You shoot an arrow. The arrow hits the death yak.
The arrow burns the death yak.
The death yak is severely wounded.
The death yak gores you!!
You shoot an arrow.
The arrow hits the death yak but does no damage.
The death yak is severely wounded.
The death yak barely misses you.
You shoot an arrow.
The arrow hits the death yak but does no damage.
The death yak is severely wounded.
The death yak gores you!!
You die...

##.............#...........####.
.....................#...#.# #.
...............#...#.##.##.## #.
.....$.........##.##........###.
............................%...
......$.......##............####
..............##..........%.#
.#...........Y##............#
............YYY@............#
#..########.####............# ##
...................#
..........%..........#
......................#
......................#
...............########
......[.....# ......>.....#


You could see 3 death yaks and a yak.

Vanquished Creatures
  A hornet (D:8)
  3 yaks (D:8)
  2 water moccasins
  An orc warrior (D:7)
  A sky beast (D:7)
  2 ogres (D:4)
  3 black bears
  3 centaurs
  A kobold brigand (D:6)
  Blork the orc (D:4)
  A gnoll sergeant (D:6)
  2 scorpions (D:5)
  2 bullfrogs
  7 wights
  5 killer bees (D:8)
  A gnoll bouda (D:7)
  2 hounds
  2 jellies
  4 orc priests
  A sleepcap (D:5)
  6 iguanas
  5 orc wizards
  13 gnolls
  8 adders
  An ufetubus (D:6)
  3 worms
  2 dart slugs
  20 orcs
  5 endoplasms
  4 giant cockroaches
  8 goblins
  4 hobgoblins
  8 jackals
  11 kobolds
  A quokka (D:2)
  6 ball pythons
  6 bats
  A frilled lizard (D:1)
  3 rats
160 creatures vanquished.

Notes
Turn   | Place    | Note
-------+----------+-------------------------------------------
     0 | D:1      | qw the Gargoyle Hunter began the quest for the Orb.
     0 | D:1      | Reached XP level 1. HP: 12/12 MP: 1/1
     0 | D:1      | 0 ||| qw: Version: 0.3-a-76-g4403597
     0 | D:1      | 0 ||| qw: Game counter: 777
     0 | D:1      | 0 ||| qw: Melee chars always use a shield: true
     0 | D:1      | 0 ||| qw: God list: Okawaru
     0 | D:1      | 0 ||| qw: Allow faded altars: false
     0 | D:1      | 0 ||| qw: Do Orc after clearing Dungeon:15 true
     0 | D:1      | 0 ||| qw: Do second Lair branch before Depths: true
     0 | D:1      | 0 ||| qw: Lair rune preference: random
     0 | D:1      | 0 ||| qw: Goals: Normal
     0 | D:1      | 0 ||| PLANNING D:1-11
    34 | D:1      | Reached XP level 2. HP: 15/17 MP: 2/2
   467 | D:1      | Reached XP level 3. HP: 21/21 MP: 3/3
   517 | D:1      | 517 ||| READING 2 scrolls labelled BEMORCH NIPT.
   518 | D:1      | 518 ||| READING scroll labelled OSA DOESOOFUVO.
   519 | D:1      | 519 ||| READING scroll labelled GEOKHL SOAFUOS.
   520 | D:1      | 520 ||| READING scroll labelled UNOXAZX XAUFIH.
   523 | D:1      | 523 ||| DROPPING scroll of summoning.
   524 | D:1      | 524 ||| DROPPING scroll of butterflies.
   817 | D:2      | Reached skill level 5 in Ranged Weapons
  1379 | D:2      | Reached skill level 3 in Fighting
  1469 | D:2      | 1469 ||| UPGRADING to +5 ring of evasion.
  1470 | D:2      | 1470 ||| READING scroll labelled IFEXE PEKO.
  1471 | D:2      | 1471 ||| READING scroll labelled ZOAHAI VASTRYOK.
  1472 | D:2      | 1472 ||| READING scroll labelled DOUCUN PETZOUMOU.
  1473 | D:2      | 1473 ||| READING scroll labelled FIVEIT HIAQYCE.
  1489 | D:2      | 1489 ||| READING scroll labelled BIM UGROZIJUW.
  1490 | D:2      | 1490 ||| DRINKING 2 glowing ruby potions.
  1491 | D:2      | 1491 ||| READING 2 scrolls of identify.
  1491 | D:2      | 1491 ||| IDENTIFYING lumpy puce potion
  1492 | D:2      | 1492 ||| DROPPING potion of degeneration.
  1557 | D:3      | Reached XP level 4. HP: 21/28 MP: 4/4
  1592 | D:3      | 1592 ||| RETREATING.
  1602 | D:3      | 1602 ||| FLEEEEING.
  1606 | D:3      | 1606 ||| Stepping ~*~*~tactically~*~*~ (outnumbered).
  1613 | D:3      | Reached skill level 6 in Ranged Weapons
  1613 | D:3      | Reached XP level 5. HP: 13/32 MP: 5/5
  1626 | D:3      | 1626 ||| FLEEEEING.
  1629 | D:3      | 1629 ||| STAIRDANCE
  1855 | D:3      | 1855 ||| Stepping ~*~*~tactically~*~*~ (outnumbered).
  1970 | D:3      | Found a faded altar of an unknown god.
  2091 | D:3      | 2091 ||| READING 2 scrolls of identify.
  2091 | D:3      | 2091 ||| IDENTIFYING yellow potion
  2092 | D:3      | 2092 ||| DROPPING potion of lignification.
  2140 | D:4      | Noticed Blork the orc
  2153 | D:4      | Killed Blork the orc
  2154 | D:4      | Reached XP level 6. HP: 35/39 MP: 6/6
  2616 | D:4      | 2616 ||| Stepping ~*~*~tactically~*~*~ (retreating).
  2620 | D:4      | 2620 ||| Stepping ~*~*~tactically~*~*~ (retreating).
  2621 | D:4      | Noticed a water moccasin
  2622 | D:4      | 2622 ||| Stepping ~*~*~tactically~*~*~ (retreating).
  2623 | D:4      | 2623 ||| Stepping ~*~*~tactically~*~*~ (retreating).
  2624 | D:4      | 2624 ||| Stepping ~*~*~tactically~*~*~ (retreating).
  2625 | D:4      | 2625 ||| Stepping ~*~*~tactically~*~*~ (retreating).
  2626 | D:4      | 2626 ||| Stepping ~*~*~tactically~*~*~ (retreating).
  2627 | D:4      | 2627 ||| Stepping ~*~*~tactically~*~*~ (retreating).
  2634 | D:4      | Reached skill level 7 in Ranged Weapons
  2642 | D:4      | HP: 8/39 [water moccasin (6)]
  2643 | D:4      | 2643 ||| READING 2 scrolls of teleportation.
  2644 | D:4      | HP: 1/39 [water moccasin (3)]
  2936 | D:4      | Reached XP level 7. HP: 44/44 MP: 7/7
  3070 | D:5      | Entered Level 5 of the Dungeon
  3092 | D:5      | Reached skill level 8 in Ranged Weapons
  3114 | D:5      | Found Bageuhij's Weapon Shoppe.
  3122 | D:5      | 3122 ||| BUYING +2 heavy sling (205 gold).
  3122 | D:5      | Bought a +2 heavy sling for 205 gold pieces
  3122 | D:5      | 3122 ||| SWAPPING to +2 heavy sling.
  3123 | D:5      | 3123 ||| DROPPING +0 shortbow.
  3131 | D:5      | Reached skill level 1 in Armour
  3137 | D:5      | Found Optecsub's Assorted Antiques.
  3149 | D:5      | 3149 ||| BUYING coppery potion (30 gold).
  3149 | D:5      | Bought a coppery potion for 30 gold pieces
  3149 | D:5      | 3149 ||| SHOPLISTING coppery potion (30 gold, have 15).
  3149 | D:5      | 3149 ||| SHOPLISTING forked glass wand (136 gold, have 15).
  3181 | D:5      | Reached XP level 8. HP: 47/50 MP: 8/8
  3193 | D:5      | Found Jiesur's Jewellery Boutique.
  3205 | D:5      | 3205 ||| SHOPLISTING +5 ring of evasion (432 gold, have
                  | 35).
  3205 | D:5      | 3205 ||| SHOPLISTING ring "Motonturghi" {rPois Str+6} (566
                  | gold, have 35).
  3205 | D:5      | 3205 ||| SHOPLISTING ring of Waityar {Fly rElec rN+ Str+5
                  | Int-2} (508 gold, have 35).
  3205 | D:5      | 3205 ||| SHOPLISTING ring of fire (300 gold, have 35).
  3205 | D:5      | 3205 ||| SHOPLISTING ring of positive energy (240 gold,
                  | have 35).
  3282 | D:5      | Found Aggahat's Weapon Boutique.
  3338 | D:5      | Found Luhum's Jewellery Emporium.
  3345 | D:5      | 3345 ||| SHOPLISTING +6 ring of strength (432 gold, have
                  | 53).
  3345 | D:5      | 3345 ||| SHOPLISTING amulet of reflection (360 gold, have
                  | 53).
  3345 | D:5      | 3345 ||| SHOPLISTING amulet of the Mutiny {Faith rElec rC-
                  | Str+2} (614 gold, have 53).
  3345 | D:5      | 3345 ||| SHOPLISTING ring of protection from cold (300
                  | gold, have 53).
  3773 | D:5      | 3773 ||| Stepping ~*~*~tactically~*~*~ (outnumbered).
  3787 | D:5      | Reached skill level 9 in Ranged Weapons
  3934 | D:5      | 3934 ||| UPGRADING to +0 ring mail.
  3944 | D:5      | 3944 ||| DROPPING +0 leather armour.
  3945 | D:5      | 3945 ||| DRINKING 2 coppery potions.
  3946 | D:5      | 3946 ||| DRINKING 2 golden potions.
  3947 | D:5      | 3947 ||| DROPPING potion of brilliance.
  4020 | D:6      | Found a staircase to the Ecumenical Temple.
  4021 | D:6      | 4021 ||| PLANNING TEMPLE
  4021 | D:6      | 4021 ||| DRINKING 2 purple potions.
  4022 | D:6      | 4022 ||| READING 2 scrolls of identify.
  4022 | D:6      | 4022 ||| IDENTIFYING amethyst potion
  4031 | Temple   | Entered the Ecumenical Temple
  4032 | Temple   | 4032 ||| PLANNING OKAWARU WORSHIP
  4036 | Temple   | Became a worshipper of Warmaster Okawaru
  4037 | Temple   | 4037 ||| PLANNING D:1-11
  4065 | D:6      | HP: 10/50 [ogre/+0 giant spiked club (5)]
  4066 | D:6      | 4066 ||| READING scroll of teleportation.
  4067 | D:6      | 4067 ||| DRINKING potion of heal wounds.
  4130 | D:6      | Reached skill level 6 in Fighting
  4235 | D:6      | Reached skill level 3 in Armour
  4682 | D:6      | 4682 ||| DRINKING potion of curing.
  4682 | D:6      | 4682 ||| (to cure confusion)
  4685 | D:6      | 4685 ||| Stepping ~*~*~tactically~*~*~ (outnumbered).
  4688 | D:6      | 4688 ||| Stepping ~*~*~tactically~*~*~ (outnumbered).
  4691 | D:6      | Reached skill level 10 in Ranged Weapons
  4693 | D:6      | 4693 ||| Stepping ~*~*~tactically~*~*~ (outnumbered).
  4699 | D:6      | Reached XP level 9. HP: 48/56 MP: 9/9
  4703 | D:6      | 4703 ||| Stepping ~*~*~tactically~*~*~ (outnumbered).
  4730 | D:6      | Reached * piety under Okawaru
  4731 | D:6      | 4731 ||| INVOKING Heroism.
  4769 | D:6      | 4769 ||| SWAPPING to +0 orcbow.
  4770 | D:6      | 4770 ||| DROPPING +2 heavy sling.
  4879 | D:6      | 4879 ||| UPGRADING to +0 pair of boots.
  4884 | D:6      | 4884 ||| UPGRADING to +0 cloak.
  4889 | D:6      | 4889 ||| READING scroll labelled AFFEFA KAGO.
  5057 | D:7      | Reached skill level 1 in Invocations
  5065 | D:7      | 5065 ||| FLEEEEING.
  5066 | D:7      | 5066 ||| FLEEEEING.
  5067 | D:7      | 5067 ||| FLEEEEING.
  5068 | D:7      | 5068 ||| FLEEEEING.
  5069 | D:7      | 5069 ||| FLEEEEING.
  5070 | D:7      | 5070 ||| FLEEEEING.
  5071 | D:7      | 5071 ||| FLEEEEING.
  5072 | D:7      | 5072 ||| FLEEEEING.
  5073 | D:7      | 5073 ||| FLEEEEING.
  5261 | D:7      | 5261 ||| INVOKING Heroism.
  5264 | D:7      | 5264 ||| Stepping ~*~*~tactically~*~*~ (outnumbered).
  5265 | D:7      | 5265 ||| Stepping ~*~*~tactically~*~*~ (outnumbered).
  5266 | D:7      | 5266 ||| Stepping ~*~*~tactically~*~*~ (outnumbered).
  5272 | D:7      | Reached skill level 3 in Invocations
  5635 | D:7      | Identified the +10 war axe of the Spinneret {flame, Dex+3}
  5639 | D:7      | 5639 ||| INVOKING Heroism.
  5801 | D:7      | 5801 ||| UPGRADING to +0 robe of willpower.
  5811 | D:7      | 5811 ||| READING 3 scrolls of identify.
  5811 | D:7      | 5811 ||| IDENTIFYING bubbling clear potion
  5855 | D:8      | 5855 ||| INVOKING Heroism.
  5970 | D:8      | 5970 ||| RETREATING.
  5971 | D:8      | 5971 ||| Stepping ~*~*~tactically~*~*~ (retreating).
  5972 | D:8      | 5972 ||| Stepping ~*~*~tactically~*~*~ (retreating).
  5973 | D:8      | 5973 ||| Stepping ~*~*~tactically~*~*~ (retreating).
  5974 | D:8      | 5974 ||| Stepping ~*~*~tactically~*~*~ (retreating).
  5975 | D:8      | 5975 ||| Stepping ~*~*~tactically~*~*~ (retreating).
  5976 | D:8      | 5976 ||| Stepping ~*~*~tactically~*~*~ (retreating).
  5977 | D:8      | 5977 ||| Stepping ~*~*~tactically~*~*~ (retreating).
  5978 | D:8      | 5978 ||| Stepping ~*~*~tactically~*~*~ (retreating).
  5979 | D:8      | 5979 ||| INVOKING Heroism.
  5984 | D:8      | Reached skill level 3 in Dodging
  5995 | D:8      | Reached skill level 11 in Ranged Weapons
  6086 | D:8      | Noticed a hornet
  6091 | D:8      | Killed a hornet
  6120 | D:8      | Noticed a death yak
  6121 | D:8      | 6121 ||| RETREATING.
  6131 | D:8      | 6131 ||| INVOKING Heroism.
  6134 | D:8      | Noticed a death yak
  6135 | D:8      | Noticed a death yak
  6137 | D:8      | Reached XP level 10. HP: 64/64 MP: 10/13
  6158 | D:8      | HP: 16/64 [death yak (10)]
  6159 | D:8      | 6159 ||| DRINKING potion of heal wounds.
  6165 | D:8      | 6165 ||| INVOKING Heroism.
  6166 | D:8      | HP: 15/64 [death yak (21)]
  6168 | D:8      | Slain by a death yak

Levels and vault maps discovered:
D:1:      zelgadis_glass_arrival_small, layout_rooms, grunt_decor_fettered
D:2:      layout_basic, minmay_fractal_squares_gapless_5
D:3:      layout_rooms, hellmonk_ecumenical_altar_inner_sanctum,
          minmay_goblin_outpost
D:4:      layout_loops_ring, serial_bayou, serial_bayou_shore_a,
          serial_bayou_pond_c, serial_bayou_shore_b, serial_bayou_lake_a,
          uniq_blork_the_orc
D:5:      layout_gridville, serial_shops, nicolae_shop_tiny_waterfront,
          nicolae_shop_scrapyard, shop, nicolae_lakefront_shop, shop
D:6:      layout_loops_cross, minmay_temple_entry_water_ring
D:7:      layout_cave_pods
D:8:      layout_basic, grunt_temple_overflow_open, dpeg_lair_monsters,
          hangedman_decor_clover_reticule
Temple:   sentei_temple_godly_chess

Skill      XL: |  1  2  3  4  5  6  7  8  9 |
---------------+----------------------------+-----
Ranged Weapons | 5 6 7 8 10 11 | 11.4
Fighting       | 3 4 5 6 8 |  8.2
Dodging        | 2 3 |  3.1
Armour         | 1 3 |  3.0
Invocations    | 4 |  4.0
Stealth        | |  1.1

Action                     |  1- 3 |  4- 6 |  7- 9 | 10-12 || total
---------------------------+-------+-------+-------+-------++-------
   Fire: Shortbow          |   124 |   166 |    43 |       ||   333
         Sling             |       |       |   162 |       ||   162
         Orcbow            |       |       |   125 |    30 ||   155
 Invoke: Heroism           |       |       |     6 |     1 ||     7
    Use: Scroll            |    10 |     2 |     4 |       ||    16
         Potion            |     1 |       |     5 |     1 ||     7
 Armour: Leather armour    |    47 |    42 |    23 |       ||   112
         Ring mail         |       |       |    54 |       ||    54
         Robe              |       |       |    20 |    13 ||    33
  Dodge: Dodged            |    49 |    71 |   144 |    11 ||   275

Table legend:
 A = Non-vault XP
 B = Vault XP
 C = Vault XP percentage of total XP
 D = Non-vault monster count
 E = Vault monster count
 F = Vault count percentage of total count
                 A         B        C        D         E       F
            +---------+---------+-------+---------+---------+-------
      Total |    4445 |     715 |  13.9 |     149 |      11 |   6.9
            +---------+---------+-------+---------+---------+-------
        D:1 |      34 |       0 |   0.0 |      19 |       0 |   0.0
        D:2 |      35 |       4 |  10.3 |      11 |       3 |  21.4
        D:3 |     175 |       8 |   4.4 |      16 |       4 |  20.0
        D:4 |     589 |      96 |  14.0 |      24 |       1 |   4.0
        D:5 |     601 |       0 |   0.0 |      21 |       0 |   0.0
        D:6 |    1162 |       0 |   0.0 |      29 |       0 |   0.0
        D:7 |     942 |       0 |   0.0 |      20 |       0 |   0.0
        D:8 |     907 |     607 |  40.1 |       9 |       3 |  25.0
            +---------+---------+-------+---------+---------+-------
